 Dungeon Crawl Stone Soup version 0.20.1-1-g8b1a95d66d (webtiles) character file.

49 FullBlownAIDS the Scratcher (level 3, -1/17 HPs)
             Began as a Felid Fighter on Nov 25, 2017.
             Slain by a worm (6 damage)
             ... on level 3 of the Dungeon.
             The game lasted 00:03:12 (2456 turns).

FullBlownAIDS the Scratcher (Felid Fighter)         Turns: 2456, Time: 00:03:12

Health: -1/17      AC:  1    Str: 13    XL:     3   Next: 51%
Magic:  4/4        EV: 19    Int:  9    God:
Gold:   152        SH:  0    Dex: 15    Spells: 2/2 levels left
                                        Lives:  0   Deaths: 1

rFire    . . .     SeeInvis +     - Unarmed
rCold    . . .     Gourm    .   (shield unavailable)
rNeg     . . .     Faith    .   (armour unavailable)
rPois    .         Spirit   .   (helmet unavailable)
rElec    .         Reflect  .   (cloak unavailable)
rCorr    .         Harm     .   (gloves unavailable)
MR       .....                  (boots unavailable)
Stlth    +++.......             (no amulet)
Regen    0.1/turn               (no ring)
MPRegen  0.1/turn               (no ring)

@: quick
A: no armour, no weapons or thrown items, stealth, claws 1, fangs 3, see
invisible, carnivore 3, speed 1, shaggy fur 1, slow metabolism 1, sharp paws
a: no special abilities


You were on level 3 of the Dungeon.
You were not hungry.

You visited 1 branch of the dungeon, and saw 3 of its levels.

You collected 152 gold pieces.

Inventory:

Wands
 n - a wand of acid (10/15)
Scrolls
 c - 2 scrolls of identify {unknown}
 e - a scroll of blinking {unknown}
 g - a scroll of magic mapping {unknown}
 h - 5 scrolls of remove curse {unknown}
 l - a scroll of teleportation {unknown}
 m - a scroll of amnesia {unknown}
 o - a scroll of immolation {unknown}
Potions
 a - 2 potions of might
 d - 3 potions of curing {unknown}
 f - 3 potions of mutation {unknown}
 i - a potion of brilliance {unknown}
 j - a potion of degeneration {unknown}
 k - a potion of magic {unknown}
Comestibles
 b - 2 meat rations


   Skills:
 - Level 3.0 Fighting
 - Level 4.0 Dodging
 + Level 4.0 Stealth
 + Level 5.1 Unarmed Combat


You had 2 spell levels left.
You didn't know any spells.

Dungeon Overview and Level Annotations

Branches:
Dungeon (3/15)

Altars:


Innate Abilities, Weirdness & Mutations

You cannot wear armour.
You are incapable of wielding weapons or throwing items.
Your paws allow you to move quietly. (Stealth)
You have sharp claws.
You have razor-sharp teeth.
You have supernaturally acute eyesight. (SInv)
You are carnivorous and can eat meat at any time.
You cover ground quickly.
You are covered in fur. (AC +1)
You have a slow metabolism.
Your sharp claws are effective at attacking unaware monsters.


Message History

A worm comes into view.
A worm is nearby!
A worm is nearby!
A worm is nearby!
A worm is nearby!
The worm closely misses you. The worm completely misses you.
The worm closely misses you. The worm completely misses you.
The worm barely misses you. The worm bites you. The worm barely misses you.
The worm closely misses you. The worm completely misses you.
The worm completely misses you. The worm bites you!
Ouch! That really hurt!
* * * LOW HITPOINT WARNING * * *
The worm bites you.
You die...

### ... .## .#
.# ######### #
########.w.....#
#.......@#
#.#####..# .
##.##........# #
#....<##..##....
#..#####..# ##.
####..#####...
#....)......###
#.###########
#.#


You could see a worm.

Vanquished Creatures
  2 gnolls (D:3)
  An adder (D:3)
  An ooze (D:3)
  A dart slug (D:3)
  6 orcs (D:3)
  7 bats
  A giant cockroach (D:1)
  4 goblins
  4 hobgoblins
  7 jackals
  A quokka (D:2)
  A ball python (D:3)
  6 frilled lizards
  7 kobolds
  9 rats
58 creatures vanquished.

Notes
Turn   | Place    | Note
-------+----------+-------------------------------------------
     0 | D:1      | FullBlownAIDS the Felid Fighter began the quest for the Orb.
     0 | D:1      | Reached XP level 1. HP: 10/10 MP: 2/2
    69 | D:1      | Reached skill level 1 in Stealth
   174 | D:1      | Reached XP level 2. HP: 3/14 MP: 3/3
  1189 | D:2      | Reached XP level 3. HP: 9/17 MP: 4/4
  2252 | D:3      | Reached XP level 4. HP: 21/21 MP: 5/5
  2357 | D:3      | Reached skill level 5 in Unarmed Combat
  2361 | D:3      | Mangled by a gnoll
  2362 | D:3      | Reached XP level 3. HP: -13/17 MP: 4/4
  2456 | D:3      | Slain by a worm

Skill      XL: |  1  2  3  4 |
---------------+-------------+-----
Stealth        | 1 2 3 4 |  4.0
Unarmed Combat | 5 |  5.1
Fighting       | |  3.0
Dodging        | |  4.0

Action                   |  1- 3 |  4- 6 || total
-------------------------+-------+-------++-------
Melee: Unarmed           |   128 |    19 ||   147
       Bite              |     7 |       ||     7
       Punch             |     2 |       ||     2
  Use: Potion            |     1 |       ||     1
 Stab: Sleeping          |     9 |     1 ||    10
  Eat: Chunk             |     9 |       ||     9
Armor: Skin              |     9 |       ||     9
Dodge: Dodged            |   136 |    18 ||   154
